 Dungeon Crawl Stone Soup version 0.30.0 (webtiles) character file.

Game seed: 11567254157666550598

525 PiratePeteNZ the Cleaver (level 7, 0/61 HPs)
             Began as a Hill Orc Fighter on May 20, 2023.
             Was an Initiate of Beogh.
             Slain by a jelly (3 damage)
             ... on level 4 of the Dungeon.
             The game lasted 00:08:12 (3431 turns).

PiratePeteNZ the Cleaver (Hill Orc Fighter)         Turns: 3431, Time: 00:08:13

Health: 0/61       AC:  0    Str: 21    XL:     7   Next: 22%
Magic:  7/7        EV:  9    Int:  8    God:    Beogh [......]
Gold:   167        SH:  4    Dex: 10    Spells: 6/6 levels left

rFire   . . .        a - +0 war axe
rCold   . . .        c - +0 buckler
rNeg    . . .        b - +0 scale mail
rPois   .            (no helmet)
rElec   .            u - +0 cloak
rCorr   .            (no gloves)
SInv    .            (no boots)
Will    .....        (no amulet) Stlth
                     (no ring)
HPRegen 0.30/turn    (no ring)
MPRegen 0.10/turn

%: no passive effects
@: lethally poisoned (0 -> 0), corroded
A: no striking features
a: Renounce Religion


You were on level 4 of the Dungeon.
You worshipped Beogh.
Beogh was noncommittal.
You visited 1 branch of the dungeon, and saw 5 of its levels.

You collected 167 gold pieces.

Inventory:

Hand Weapons
 a - a +0 war axe (weapon)
Missiles
 v - 3 poisoned darts (quivered)
Armour
 b - a +0 scale mail (worn)
 c - a +0 buckler (worn)
 u - a +0 cloak (worn)
Scrolls
 e - 4 scrolls of immolation {unknown}
 g - 5 scrolls of identify {unknown}
 i - 2 scrolls of teleportation {unknown}
 k - 3 scrolls of magic mapping {unknown}
 l - a scroll of torment {unknown}
 o - a scroll of vulnerability {unknown}
 p - a scroll of enchant weapon {unknown}
 q - a scroll of fog {unknown}
Potions
 d - 2 potions of might
 f - a potion of curing {unknown}
 h - 3 potions of heal wounds {unknown}
 j - a potion of magic {unknown}
 m - 3 potions of degeneration {unknown}
 n - 2 potions of invisibility {unknown}
 r - a potion of ambrosia {unknown}
 s - 2 potions of lignification {unknown}
 t - 2 potions of attraction {unknown}


   Skills:
 * Level 5.0 Fighting
 * Level 8.0 Axes
 + Level 0.2 Throwing
 + Level 4.5 Armour
 + Level 0.5 Dodging
 + Level 0.2 Stealth
 + Level 3.7 Shields


You had 6 spell levels left.
You didn't know any spells.
Your spell library contained the following spells:

 Spells                   Type           Power      Damage    Failure   Level
 Sandblast                Erth           0%         2d4       80%         1
 Summon Small Mammal      Summ           0%         N/A       80%         1
 Passwall                 Tmut/Erth      0%         N/A       91%         2
 Call Canine Familiar     Summ           0%         N/A       99%         3
 Stone Arrow              Conj/Erth      0%         3d7       99%         3
 Summon Guardian Golem    Hex/Summ       0%         N/A       99%         3
 Malign Gateway           Summ/Tloc      0%         N/A       100%        7
 Summon Horrible Things   Summ           0%         N/A       100%        8


Dungeon Overview and Level Annotations

Branches:
Dungeon (5/15)
 Temple: D:4-7

Altars:
Dithmenos
Elyvilon
Trog
Uskayaw

Shops:
D:1 !


Message History

You barely miss the scorpion.
The scorpion is severely wounded.
You barely miss the kobold.
You feel sick.
You are no longer poisoned.
The scorpion stings you but does no damage.
The scorpion stings you.
You are poisoned.
The scorpion poisons you! The kobold hits you but does no damage.
You barely miss the kobold. You hit the scorpion but do no damage.
You feel very sick. You block the scorpion's attack.
The kobold barely misses you.
You slash the kobold!
You kill the kobold!
Beogh accepts your kill.
You barely miss the scorpion.
You feel sick. The scorpion barely misses you.
You hit the scorpion.
The scorpion is almost dead.
You hit the jelly but do no damage. The acid corrodes you!
Your hands burn!
You feel sick. The scorpion closely misses you.
The jelly hits you but does no damage. The scorpion stings you.
You slash the jelly! The acid corrodes you!
Your hands burn!
The jelly is heavily wounded.
You hit the scorpion but do no damage.
You feel sick. The jelly hits you.
You are splashed with acid!
* * * LOW HITPOINT WARNING * * *
The scorpion closely misses you.
You hit the jelly but do no damage.
Your hands burn!
* * * LOW HITPOINT WARNING * * *
The jelly is heavily wounded.
You hit the scorpion.
You kill the scorpion!
Beogh accepts your kill.
You feel sick. The jelly barely misses you.
Your Fighting skill increases to level 5!
Your Axes skill increases to level 8!
You hit the jelly but do no damage.
Your hands burn!
* * * LOW HITPOINT WARNING * * *
The jelly is heavily wounded.
You feel sick. The jelly hits you.
You die...

...........#.......#
............#.......#
.............#........
.............+........
#.............#........
#.............#........
##.............#.†......
.'.............'@J......
#.............#........
#.8.8.8.######.......#
##........#############
##............#
.........#.....#
#......)_#.......
.........#.......
#................


You could see a jelly.

Vanquished Creatures
  Edmund (D:4)
  An ogre (D:5)
  A phantom (D:5)
  A scorpion (D:4)
  3 hounds
  An iguana (D:5)
  An adder (D:2)
  A worm (D:3)
  3 dart slugs (D:1)
  An orc (D:3)
  7 endoplasms
  3 giant cockroaches
  8 hobgoblins
  4 quokkas
  4 ball pythons
  2 bats (D:1)
  3 frilled lizards (D:1)
  7 goblins
  4 kobolds
  3 rats
59 creatures vanquished.

Vanquished Creatures (others)
  An orc (D:3)
  A hobgoblin (D:3)
2 creatures vanquished.

Grand Total: 61 creatures vanquished

Notes
Turn   | Place    | Note
-------+----------+-------------------------------------------
     0 | D:1      | PiratePeteNZ the Hill Orc Fighter began the quest for the
                  | Orb.
     0 | D:1      | Reached XP level 1. HP: 19/19 MP: 1/1
   108 | D:1      | You fall into a shaft and drop 1 floor!
   355 | D:1      | Reached XP level 2. HP: 16/27 MP: 2/2
   464 | D:1      | Reached skill level 3 in Axes
   564 | D:1      | Reached XP level 3. HP: 33/33 MP: 3/3
   599 | D:1      | Found Ykyawof's Distillery.
  1789 | D:3      | Reached skill level 4 in Axes
  1940 | D:3      | Reached XP level 4. HP: 40/40 MP: 4/4
  1941 | D:3      | Became a worshipper of Beogh the Brigand
  2327 | D:3      | Found a bloodstained altar of Trog.
  2424 | D:3      | You fall into a shaft and drop 2 floors!
  2424 | D:5      | Entered Level 5 of the Dungeon
  2509 | D:5      | Noticed a phantom
  2523 | D:5      | Killed a phantom
  2524 | D:5      | Reached skill level 5 in Axes
  2524 | D:5      | Reached XP level 5. HP: 47/47 MP: 5/5
  2637 | D:5      | Noticed an ogre
  2645 | D:5      | Killed an ogre
  2646 | D:5      | Reached skill level 6 in Axes
  2646 | D:5      | Reached XP level 6. HP: 26/53 MP: 6/6
  3025 | D:5      | Reached skill level 7 in Axes
  3119 | D:4      | Found a white marble altar of Elyvilon.
  3142 | D:4      | Found a shadowy altar of Dithmenos.
  3240 | D:4      | Found a hide-covered altar of Uskayaw.
  3241 | D:4      | Noticed Edmund
  3256 | D:4      | Killed Edmund
  3257 | D:4      | Reached XP level 7. HP: 21/60 MP: 7/7
  3431 | D:4      | Reached skill level 5 in Fighting
  3431 | D:4      | Reached skill level 8 in Axes
  3431 | D:4      | HP: 3/61 [poisoned by a scorpion]
  3431 | D:4      | Slain by a jelly

Illustrated notes

Levels and vault maps discovered:
D:1:      shiori_arrival_maze, layout_basic, serial_shops,
          nicolae_shop_tiny_glass, nicolae_concentric_dashed_squares_wild,
          minmay_pentomino_z4
D:2:      layout_basic
D:3:      layout_basic, trog_butcher_becter
D:4:      layout_basic, mainiacjoe_overflow_paths,
          eat_drink_and_be_merry_uskayaw,
          mainiacjoe_overflow_concentric_impassable, uniq_edmund, uniq_robin,
          uniq_ijyb
D:5:      layout_basic

Skill      XL: |  1  2  3  4  5  6  7 |
---------------+----------------------+-----
Fighting       | 4 5 |  5.0
Axes           | 3 4 5 6 7 8 |  8.0
Armour         | 4 |  4.5
Throwing       | |  0.2
Dodging        | |  0.5
Stealth        | |  0.2
Shields        | |  3.7

Action                     |  1- 3 |  4- 6 |  7- 9 || total
---------------------------+-------+-------+-------++-------
  Melee: War axe           |   107 |    78 |    14 ||   199
  Throw: Dart              |       |     6 |       ||     6
 Invoke: Convert to Beogh  |       |     1 |       ||     1
   Stab: Distracted        |       |     1 |       ||     1
 Armour: Scale mail        |    48 |    20 |     6 ||    74
  Dodge: Dodged            |    45 |    35 |     8 ||    88
  Block: Buckler           |    18 |    18 |     4 ||    40
